 Dungeon Crawl Stone Soup version 0.21.0-25-ge575cb9ce8 (webtiles) character file.

81 GuyWithAPlan the Ruffian (level 4, -4/38 HPs)
             Began as a Naga Transmuter on Jan 25, 2018.
             Slain by Natasha (5 damage)
             ... on level 3 of the Dungeon.
             The game lasted 00:06:28 (2343 turns).

GuyWithAPlan the Ruffian (Naga Transmuter)          Turns: 2343, Time: 00:06:28

Health: -4/38      AC:  4    Str: 18    XL:     4   Next: 40%
Magic:  7/7        EV:  9    Int: 14    God:
Gold:   169        SH:  0    Dex: 11    Spells: 6/7 levels left

rFire    + + .     SeeInvis +     - Unarmed
rCold    . . .     Gourm    .   (no shield)
rNeg     . . .     Faith    .   j - +0 ring mail
rPois    +         Spirit   .   (no helmet)
rElec    .         Reflect  .   (no cloak)
rCorr    .         Harm     .   (no gloves)
MR       .....                  (no barding)
Stlth    +.........             (no amulet)
HPRegen  0.12/turn              s - ring of protection from fire
MPRegen  0.10/turn              v - ring of protection from fire

@: mighty, appendage (expiring), slowed, very slow
A: large, horns 2, see invisible, deformed body, poison resistance, slowness 2,
slow metabolism 1, spit poison 1, AC +1
a: Spit Poison, End Transformation


You were on level 3 of the Dungeon.
You were very hungry.
You had grown temporary horns.
You visited 1 branch of the dungeon, and saw 3 of its levels.

You collected 169 gold pieces.

Inventory:

Missiles
 a - 36 arrows
 f - 8 javelins of penetration
 g - 5 javelins
 u - 2 tomahawks (quivered)
Armour
 b - a +0 robe
 j - a +0 ring mail (worn)
Jewellery
 s - a ring of protection from fire (left hand)
 v - a ring of protection from fire (right hand)
Scrolls
 e - a scroll of blinking {unknown}
 i - 2 scrolls of teleportation {unknown}
 m - 2 scrolls of remove curse {unknown}
 p - a scroll of noise {unknown}
 r - 2 scrolls of enchant weapon {unknown}
 t - a scroll of magic mapping {unknown}
Potions
 h - a potion of haste
 o - 3 potions of magic
 q - a potion of degeneration
Books
 c - a book of Changes

   Spells                             Type                      Level
   a - Beastly Appendage              Transmutation                1
   b - Sticks to Snakes               Transmutation                2
   c - Spider Form                    Transmutation/Poison         3
   d - Ice Form                       Ice/Transmutation            4
   e - Blade Hands                    Transmutation                5
Comestibles
 d - 3 rations


   Skills:
 - Level 1.1 Fighting
 + Level 2.4 Armour
 - Level 1.5 Dodging
 - Level 3.0 Unarmed Combat
 - Level 2.0 Spellcasting
 - Level 3.0 Transmutations


You had 6 spell levels left.
You knew the following spells:

 Your Spells              Type           Power        Failure   Level  Hunger
a - Beastly Appendage     Tmut           #.....       12%         1    ##.....


Dungeon Overview and Level Annotations

Branches:
Dungeon (3/15)

Altars:
Makhleb

Annotations:
D:3 Natasha


Innate Abilities, Weirdness & Mutations

You cannot wear boots.
Your serpentine skin is tough. (AC +1)
You have supernaturally acute eyesight. (SInv)
Armour fits poorly on your strangely shaped body.
Your system is resistant to poisons. (rPois)
You cover ground very slowly.
You have a slow metabolism.
You can spit poison.
You have a pair of horns on your head.


Message History

You aren't carrying any items that you can evoke.
You feel very mighty all of a sudden.
Natasha casts a spell.
Unknown command.
You hit Natasha. Your headbutt misses Natasha.
Natasha is moderately wounded.
Natasha casts a spell at you.
You feel yourself slow down. The white imp closely misses you.
You closely miss Natasha.
Natasha is moderately wounded.
Your transformation is almost over.
Natasha mumbles some strange words.
The white imp hits you.
* * * LOW HITPOINT WARNING * * *
The white imp freezes you.
* * * LOW HITPOINT WARNING * * *
You closely miss Natasha.
Natasha is moderately wounded.
Natasha claws you.
You die...

#.# ## ##.## ...
###...##..#
##.......####### .#..÷.#
#.#∩#.#
#..#.#####.._..########
.#.#.###.##...##......$
................######..#
..............#5@hs......
##.###.#.###..####5#.#..#
#.###...####.# ...
#....÷.......# .#.#
#####.######## ..... #.#
## ##. #.# # #.. ###


You could see an iron imp, Natasha, a white imp and a giant cockroach.

Vanquished Creatures
  A hound (D:3)
  2 worms (D:2)
  A leopard gecko (D:1)
  2 giant cockroaches
  3 goblins
  5 hobgoblins
  2 jackals (D:3)
  A quokka (D:3)
  2 ball pythons (D:3)
  8 bats
  7 frilled lizards
  6 kobolds
  7 rats
47 creatures vanquished.

Notes
Turn   | Place    | Note
-------+----------+-------------------------------------------
     0 | D:1      | GuyWithAPlan the Naga Transmuter began the quest for the Orb.
     0 | D:1      | Reached XP level 1. HP: 18/18 MP: 3/3
   315 | D:1      | Reached XP level 2. HP: 22/25 MP: 3/5
   945 | D:2      | Reached skill level 1 in Armour
   945 | D:2      | Reached XP level 3. HP: 18/31 MP: 4/6
  2095 | D:3      | Found a burning altar of Makhleb.
  2111 | D:3      | HP: 2/46 [hound (2)]
  2112 | D:3      | Reached XP level 4. HP: 3/38 MP: 7/7
  2333 | D:3      | Noticed Natasha
  2342 | D:3      | HP: 1/38 [white imp[Natasha] (4)]
  2343 | D:3      | Slain by Natasha

Skill      XL: |  1  2  3 |
---------------+----------+-----
Transmutations | 3 |  3.0
Armour         | 1 2 |  2.4
Fighting       | |  1.1
Dodging        | |  1.5
Unarmed Combat | |  3.0
Spellcasting   | |  2.0

Action                   |  1- 3 |  4- 6 || total
-------------------------+-------+-------++-------
Melee: Unarmed           |   151 |     5 ||   156
       Headbutt          |    11 |     1 ||    12
Throw: Javelin           |     5 |       ||     5
       Tomahawk          |     7 |       ||     7
 Cast: Beastly Appendage |    29 |     1 ||    30
  Use: Scroll            |     5 |       ||     5
       Potion            |     1 |     1 ||     2
  Eat: Chunk             |     3 |       ||     3
Armor: Robe              |     5 |       ||     5
       Ring mail         |    55 |       ||    55
Dodge: Dodged            |    79 |     1 ||    80
